 Dungeon Crawl Stone Soup version 0.32-a0-132-g2d33c3cfaf (webtiles) character file.

Game seed: 12527642383167365304

5588 zeratav the Mimic (level 10, -2/76 HPs)
             Began as an Octopode Shapeshifter on Feb 9, 2024.
             Was an Initiate of Gozag.
             Slain by a large abomination (19 damage)
             ... on level 10 of the Dungeon.
             The game lasted 00:25:06 (6625 turns).

zeratav the Mimic (Octopode Shapeshifter)           Turns: 6625, Time: 00:25:07

Health: -2/76      AC:  5    Str: 17    XL:     10   Next: 72%
Magic:  10/10      EV: 17    Int: 13    God:    Gozag
Gold:   1093       SH:  0    Dex: 12    Spells: 9/9 levels left

rFire   + .          .
                       - Unarmed
rCold   . . .        (shield currently unavailable)
rNeg    . . .        (helmet restricted)
rPois   .            e - amulet of regeneration
rElec   .            A - +4 ring of protection
rCorr   .            F - ring of protection from fire
SInv    .            (no ring)
Will    .....        (no ring)
Stlth   ++           (no ring)
HPRegen 1.12/turn    (no ring)
MPRegen 0.12/turn    (no ring)
                     (no ring)

%: no passive effects
@: flux-form, glowing
A: glow, contaminating, almost no armour, amphibious, 8 rings, camouflage 1,
gelatinous body 1, (nimble swimmer 1), tentacles
a: Begin Untransformation, Renounce Religion, Potion Petition, Call Merchant,
Bribe Branch


You were on level 10 of the Dungeon.
You worshipped Gozag.
Gozag was most pleased with you.
You were something dangerously unstable.
You visited 2 branches of the dungeon, and saw 11 of its levels.
You also visited: Sewer.

You collected 1141 gold pieces.
You paid 48 gold pieces to Gozag.


Innate Abilities, Weirdness & Mutations

You are something dangerously unstable.
You glow with magical radiation, making you easy to see and hit.
Foes you strike become dangerously contaminated with magical radiation.
You are incapable of wielding weapons or throwing items.
You cannot wear most types of armour.
You are amphibious.
You can wear up to eight rings at the same time.
Your skin changes colour to match your surroundings (Stealth+).
Your rubbery body absorbs attacks. (AC +1, EV +1)
((You are camouflaged when in or above water. (Stealth+)))
You have tentacles for arms and can constrict up to eight enemies at once.


   Skills:
 - Level 10.2 Fighting
 - Level 2.0 Dodging
 - Level 5.0 Stealth
 - Level 3.0 Unarmed Combat
 + Level 10.9 Shapeshifting


You had 9 spell levels left.
You didn't know any spells.
Your spell library contained the following spells:

 Spells                   Type           Power      Damage    Failure   Level
 Magic Dart               Conj           0%         1d3       30%         1
 Necrotise                Necr           0%         1d4       30%         1
 Blink                    Tloc           0%         N/A       43%         2
 Call Imp                 Summ           0%         N/A       43%         2
 Dazzling Flash           Conj/Hex       0%         N/A       67%         3
 Inner Flame              Hex/Fire       0%         N/A       67%         3
 Mephitic Cloud           Conj/Alch/Air  0%         N/A       67%         3
 Vampiric Draining        Necr           0%         2d6       67%         3
 Flame Wave               Conj/Fire      0%         2d4       97%         4
 Martyr's Knell           Necr/Summ      0%         N/A       97%         4
 Sticky Flame             Fire/Alch      0%         2d4       97%         4
 Curse of Agony           Necr           0%         N/A       100%        5
 Silence                  Hex/Air        0%         N/A       100%        5

Inventory:

Missiles
 l - 3 throwing nets {=fthrowing}
 p - 10 boomerangs {throwing}
 u - 22 poisoned darts {throwing}
 v - a curare-tipped dart {=fthrowing}
Jewellery
 e - an amulet of regeneration (around mantle)
   (You found it on level 1 of the Dungeon)
 A - a +4 ring of protection (left tentacle)
   (You found it on level 4 of the Dungeon)
 F - a ring of protection from fire (right tentacle)
   (You found it on level 6 of the Dungeon)
Talismans
 b - a beast talisman
 c - a flux talisman (active)
 n - a blade talisman
   (You found it on level 2 of the Dungeon)
 D - a serpent talisman
   (You found it on level 6 of the Dungeon)
Wands
 y - a wand of polymorph (7)
   (You found it on level 4 of the Dungeon)
 B - a wand of roots (9) (quivered)
   (You found it on level 6 of the Dungeon)
Scrolls
 d - 3 scrolls of teleportation {@r4}
 f - a scroll of vulnerability {unknown}
 h - a scroll of revelation
 i - 2 scrolls of fear
 j - 3 scrolls of amnesia
 k - 3 scrolls of fog
 m - 2 scrolls of silence {!r}
 x - 2 scrolls of poison {unknown}
 C - 2 scrolls of blinking {unknown}
 E - a scroll of immolation {unknown}
 H - a scroll of summoning {unknown}
Potions
 a - a potion of lignification {!q}
 g - 2 potions of degeneration {unknown}
 o - 2 potions of resistance {unknown}
 q - 3 potions of curing {unknown}
 r - a potion of attraction {unknown}
 s - 2 potions of brilliance {unknown}
 t - 2 potions of heal wounds {@q2}
 w - 3 potions of enlightenment
 z - a potion of haste {unknown}
 G - a potion of cancellation {unknown}

Dungeon Overview and Level Annotations

Branches:
Dungeon (10/15) Zot: 26997  Temple (1/1) D:4 Zot: 5945    Lair (0/5) D:9
    Orc (0/2) D:9           Sewer (visited)

Altars:
Ashenzari
Cheibriados
Dithmenos
Elyvilon
Fedhas
Gozag
Hepliaklqana
Kikubaaqudgha
Makhleb
Nemelex Xobeh
Okawaru
Qazlal
Ru
Sif Muna
Uskayaw
Vehumet
Wu Jian
Xom
Zin
The Shining One

Shops:
D:4 [

Annotations:
D:5 2 transporters, Sigmund; cforsyth's ghost, amateur DjWr
D:7 exclusion: downstairs
D:8 Amaemon

+###
##..#
...#
#####..#
#...Xp<#
#...####
##+##


You could see a large abomination.


Message History

a +0 dagger {short}; a +0 robe HP[+1]
Your hp is fully restored (76).
There is an open door here.
You closely miss the orc warrior. Your grab misses the orc warrior.
The orc warrior hits you with a +0 scimitar!
HP[-8]
You take 8 damage, and now have 68/76 hp.
You barely miss the orc warrior. Your grab misses the orc warrior.
Your squeeze misses the orc warrior.
HP[+1]
You tentacle-slap the orc warrior.
The orc warrior begins to glow.
You grab the orc warrior.
You squeeze the orc warrior, but do no damage.
You constrict the orc warrior, but do no damage.
The orc warrior barely misses you.
HP[+1]
You tentacle-slap the orc warrior.
The orc warrior glows dangerously bright.
You constrict the orc warrior. The orc warrior closely misses you.
HP[+1]
You tentacle-slap the orc warrior.
The orc warrior shudders as magic cascades through it!!
You kill the orc warrior!
HP[+1]
You now have 1093 gold pieces (gained 9).
There is an open door here.
Things that are here:
a +0 scimitar {long}; a +0 chain mail HP[+2]
You regained 2 hp, and now have 74/76 hp.
HP[+1]
There is an open door here.
HP[+1]
Your hp is fully restored (76).
You open the door. 4 small abominations and 2 large abominations come into view. 3 small abominations and 3 large abominations come into view.
The small abomination hits you!
The small abomination closely misses you.
The small abomination hits you!
There is an open door, spattered with blood here.
HP[-20]
You take 20 damage, and now have 56/76 hp.
MASSIVE DAMAGE!! (PAUSE) HP[+1] HP[+1] HP[+2]
You regained 2 hp, and now have 60/76 hp.
The large abomination attacks as it pursues you!
The large abomination closely misses you.
HP[+1]
The small abomination attacks as it pursues you!
The small abomination barely misses you.
There is an open door here.
HP[+1] HP[+1]
The large abomination attacks as it pursues you!
The large abomination hits you.
There is an open door here.
Things that are here:
a +0 scimitar {long}; a +0 chain mail The large abomination attacks as it pursues you!
The large abomination barely misses you.
HP[+1] HP[+1]
The large abomination attacks as it pursues you!
The large abomination misses you.
HP[+1] HP[+1]
There is an open door here.
HP[+2]
You regained 2 hp, and now have 69/76 hp.
HP[+1] HP[+1] HP[+1]
The large abomination attacks as it pursues you!
The large abomination hits you!!
There is an escape hatch in the floor, spattered with blood here.
HP[-29]
You take 29 damage, and now have 43/76 hp.
MASSIVE DAMAGE!! (PAUSE)
The large abomination hits you!
* * * LOW HITPOINT WARNING * * *
You slide downwards.
The hatch slams shut behind you.
You hear the roar of battle.
There is an entrance to a bailey on this level.
Hurry and find it before the portal closes forever!
Found an escape hatch in the ceiling.
HP[-6]
You take 6 damage, and now have 37/76 hp.
The large abomination attacks as it pursues you!
The large abomination hits you!!
* * * LOW HITPOINT WARNING * * *
HP[-21]
You take 21 damage, and now have 16/76 hp.
MASSIVE DAMAGE!! (PAUSE)
The large abomination attacks as it pursues you!
The large abomination hits you!!
You die...
Your body crumbles into a pile of gold.

Skill      XL: |  1  2  3  4  5  6  7  8  9 10 |
---------------+-------------------------------+-----
Stealth        | 2 3 5 |  5.0
Fighting       | 3 4 6 8 10 | 10.2
Shapeshifting  | 8 10 | 10.9
Dodging        | |  2.0
Unarmed Combat | |  3.0

Action                     |  1- 3 |  4- 6 |  7- 9 | 10-12 || total
---------------------------+-------+-------+-------+-------++-------
  Melee: Unarmed           |    44 |   145 |   230 |    88 ||   507
         Constrict         |    11 |    36 |    57 |    13 ||   117
         Tentacles         |     8 |    25 |    65 |    29 ||   127
         Punch             |     4 |     8 |    21 |       ||    33
  Throw: Dart              |       |       |    16 |       ||    16
         Boomerang         |       |       |    11 |       ||    11
  Evoke: Wand              |       |       |     3 |       ||     3
    Use: Potion            |       |     2 |     4 |       ||     6
         Scroll            |       |       |     6 |     1 ||     7
   Stab: Sleeping          |     8 |    20 |     8 |       ||    36
         Distracted        |       |       |     4 |       ||     4
 Armour: Skin              |    14 |    82 |   165 |    47 ||   308
  Dodge: Dodged            |    20 |    81 |   137 |    70 ||   308
   Form: Flux              |       |       |       |     1 ||     1

Levels and vault maps discovered:
D:1:      tarquinn_simple_flora_water_b, layout_loops_ring, st_stairs_13
D:2:      layout_rooms, shapermc_ecumenical_altar_notcrosses
D:3:      layout_basic, tso_altar, lemuel_blue_sif_altar
D:4:      layout_cave_pools, temple_hall, serial_glass, glass_columns_c,
          glass_columns_a, cheibrodos_sewer_entry_sluice, serial_shops, shop
D:5:      layout_basic, kennysheep_slug_shrine, gammafunk_ghost_mausoleum,
          uniq_sigmund
D:6:      layout_loops_cross, xom_butterflies
D:7:      layout_gridville, nemelex_spade_bored_becter, fedhas_altar_4,
          serial_rivers, chequers_serial_rivers_micro_b,
          chequers_serial_rivers_micro_a, chequers_serial_rivers_large_a,
          chequers_serial_rivers_room_b, chequers_serial_rivers_small_b,
          chequers_serial_rivers_room_a
D:8:      layout_rooms, zin_treasury, kennysheep_mini, uniq_amaemon
D:9:      layout_roguey, yredelemnul_forgotten_temple_becter,
          david_lair_shrubbed, laboratory
D:10:     dpeg_index_elf_rogue_hall, layout_irregular_city, enter_bailey_4,
          nicolae_concentric_dashed_squares_wild, corner_web_ring,
          kennysheep_potato
Temple:   oiseaux_autumnal_temple

Notes
Turn   | Place    | Note
-------+----------+-------------------------------------------
     0 | D:1      | zeratav the Octopode Shapeshifter began the quest for the
                  | Orb.
     0 | D:1      | Reached XP level 1. HP: 13/13 MP: 1/1
     0 | D:1      | magus.rc [v1.9.6]
   106 | D:1      | Reached skill level 1 in Stealth
   136 | D:1      | Reached skill level 2 in Stealth
   163 | D:1      | Reached XP level 2. HP: 12/18 MP: 2/2
   289 | D:1      | Reached skill level 3 in Stealth
   340 | D:1      | Reached XP level 3. HP: 23/23 MP: 3/3
   581 | D:1      | You pick up a book of Necromancy and begin reading...
   581 | D:1      | You add the spells Necrotise, Vampiric Draining, Martyr's
                  | Knell and Curse of Agony to your library.
   640 | D:2      | Reached skill level 4 in Stealth
   744 | D:2      | Reached skill level 5 in Stealth
   744 | D:2      | Reached XP level 4. HP: 28/28 MP: 4/4
   765 | D:2      | Found a faded altar of an unknown god.
   948 | D:2      | Reached skill level 2 in Fighting
  1205 | D:3      | Found a shimmering blue altar of Sif Muna.
  1237 | D:3      | You pick up a book of the Senses and begin reading...
  1237 | D:3      | You add the spells Dazzling Flash, Mephitic Cloud and
                  | Silence to your library.
  1407 | D:3      | Reached skill level 3 in Fighting
  1407 | D:3      | Reached XP level 5. HP: 27/36 MP: 5/5
  1588 | D:3      | Reached skill level 4 in Fighting
  1733 | D:3      | Found a glowing golden altar of the Shining One.
  1827 | D:4      | Found a glowing drain.
  1839 | Sewer    | Entered a sewer
  1842 | Sewer    | Reached XP level 6. HP: 44/44 MP: 6/6
  1934 | Sewer    | Reached skill level 5 in Fighting
  1994 | Sewer    | Found a white marble altar of Elyvilon.
  2054 | D:4      | Found Baheis's Antique Armour Emporium.
  2087 | D:4      | HP: 6/46 [orc/+0 trident (8)]
  2492 | D:4      | Found a staircase to the Ecumenical Temple.
  2501 | Temple   | Entered the Ecumenical Temple
  2528 | Temple   | Became a worshipper of Gozag Ym Sagoz the Greedy
  2587 | D:5      | Entered Level 5 of the Dungeon
  2618 | D:5      | Noticed an ice beast
  2641 | D:5      | Noticed Sigmund
  2718 | D:5      | Found a transporter.
  2720 | D:5      | Noticed cforsyth's ghost (amateur DjWr)
  2721 | D:5      | Found a transporter.
  2741 | D:5      | Killed an ice beast
  2742 | D:5      | Reached skill level 6 in Fighting
  2742 | D:5      | Reached XP level 7. HP: 53/53 MP: 7/7
  2880 | D:5      | Reached skill level 7 in Fighting
  2989 | D:5      | Identified the +0 chain mail of Qazlal's Inspiration {rF+
                  | rCorr SInv}
  3037 | D:5      | Found a snail-covered altar of Cheibriados.
  3249 | D:5      | Reached skill level 8 in Fighting
  3249 | D:5      | Reached XP level 8. HP: 58/61 MP: 8/8
  4018 | D:6      | Reached skill level 9 in Fighting
  4081 | D:6      | Found a shimmering altar of Xom.
  4500 | D:7      | Found a sparkling altar of Nemelex Xobeh.
  4532 | D:7      | Reached skill level 10 in Fighting
  4583 | D:7      | You pick up a book of Minor Magic and begin reading...
  4583 | D:7      | You add the spells Magic Dart, Blink and Call Imp to your
                  | library.
  4993 | D:7      | Reached XP level 9. HP: 68/70 MP: 9/9
  5029 | D:7      | Reached skill level 4 in Shapeshifting
  5079 | D:7      | You pick up a book of Flames and begin reading...
  5079 | D:7      | You add the spells Inner Flame, Sticky Flame and Flame Wave
                  | to your library.
  5326 | D:7      | Found a blossoming altar of Fedhas.
  5389 | D:7      | HP: 13/67 [wight/+4 great sword (19)]
  5448 | D:8      | Reached skill level 5 in Shapeshifting
  5511 | D:8      | Noticed a boulder beetle
  5594 | D:8      | Noticed Amaemon
  5620 | D:8      | Noticed a manticore
  5663 | D:8      | Reached skill level 6 in Shapeshifting
  5829 | D:8      | Killed a boulder beetle
  5830 | D:8      | Reached skill level 7 in Shapeshifting
  5866 | D:8      | HP: 13/70 [barbs]
  5930 | D:8      | HP: 10/70 [manticore (8)]
  5933 | D:8      | Killed a manticore
  5934 | D:8      | Reached skill level 8 in Shapeshifting
  6007 | D:8      | Found a glowing silver altar of Zin.
  6064 | D:8      | Reached XP level 10. HP: 73/76 MP: 10/10
  6238 | D:8      | Reached skill level 9 in Shapeshifting
  6372 | D:9      | Found a staircase to the Orcish Mines.
  6474 | D:9      | Reached skill level 10 in Shapeshifting
  6501 | D:9      | Found a staircase to the Lair.
  6540 | D:9      | Noticed an arcanist
  6569 | D:9      | Killed an arcanist
  6604 | D:9      | Noticed a large abomination
  6604 | D:9      | Noticed a large abomination
  6605 | D:9      | Noticed a large abomination
  6605 | D:9      | Noticed a large abomination
  6605 | D:9      | Noticed a large abomination
  6623 | D:10     | Entered Level 10 of the Dungeon
  6624 | D:10     | HP: 16/76 [large abomination (22)]
  6625 | D:10     | Slain by a large abomination

Vanquished Creatures
  A boulder beetle (D:8)
  An arcanist (D:9)
  A manticore (D:8)
  A komodo dragon (D:9)
  2 wyverns (D:9)
  6 yaks (D:8)
  An acid dragon (D:8)
  An orc warrior (D:9)
  2 ice beasts
  An ogre (D:5)
  A centaur (D:6)
  A phantom (D:5)
  4 kobold brigands
  3 bullfrogs
  3 scorpions
  A gnoll sergeant (D:9)
  3 wights
  9 killer bees
  4 howler monkeys
  2 hounds
  A jelly (D:6)
  2 orc priests
  2 sleepcaps
  3 iguanas
  2 orc wizards
  10 gnolls
  7 adders
  3 river rats (Sewer)
  6 ufetubi
  6 dart slugs
  4 ribbon worms
  29 orcs
  9 bats
  4 endoplasms
  4 goblins
  4 hobgoblins
  4 jackals (D:5)
  24 kobolds
  4 quokkas
  9 ball pythons
  8 rats
  A butterfly (D:6)
194 creatures vanquished.

Table legend:
 A = Non-vault XP
 B = Vault XP
 C = Vault XP percentage of total XP
 D = Non-vault monster count
 E = Vault monster count
 F = Vault count percentage of total count
                 A         B        C        D         E       F
            +---------+---------+-------+---------+---------+-------
      Total |    6468 |    1516 |  19.0 |     172 |      21 |  10.9
            +---------+---------+-------+---------+---------+-------
        D:1 |      34 |       2 |   5.6 |      17 |       1 |   5.6
        D:2 |      80 |       0 |   0.0 |      17 |       0 |   0.0
        D:3 |     174 |       0 |   0.0 |      30 |       0 |   0.0
        D:4 |      36 |       9 |  20.0 |      10 |       3 |  23.1
        D:5 |     748 |       4 |   0.5 |      19 |       1 |   5.0
        D:6 |     643 |       0 |   0.0 |      14 |       0 |   0.0
        D:7 |     661 |       0 |   0.0 |      19 |       0 |   0.0
        D:8 |    3233 |       0 |   0.0 |      34 |       0 |   0.0
        D:9 |     859 |    1259 |  59.4 |      12 |       3 |  20.0
      Sewer |       0 |     242 | 100.0 |       0 |      13 | 100.0
            +---------+---------+-------+---------+---------+-------

Skill      XL: |  1  2  3  4  5  6  7  8  9 10 |
---------------+-------------------------------+-----
Stealth        | 2 3 5 |  5.0
Fighting       | 3 4 6 8 10 | 10.2
Shapeshifting  | 8 10 | 10.9
Dodging        | |  2.0
Unarmed Combat | |  3.0

Action                     |  1- 3 |  4- 6 |  7- 9 | 10-12 || total
---------------------------+-------+-------+-------+-------++-------
  Melee: Unarmed           |    44 |   145 |   230 |    88 ||   507
         Constrict         |    11 |    36 |    57 |    13 ||   117
         Tentacles         |     8 |    25 |    65 |    29 ||   127
         Punch             |     4 |     8 |    21 |       ||    33
  Throw: Dart              |       |       |    16 |       ||    16
         Boomerang         |       |       |    11 |       ||    11
  Evoke: Wand              |       |       |     3 |       ||     3
    Use: Potion            |       |     2 |     4 |       ||     6
         Scroll            |       |       |     6 |     1 ||     7
   Stab: Sleeping          |     8 |    20 |     8 |       ||    36
         Distracted        |       |       |     4 |       ||     4
 Armour: Skin              |    14 |    82 |   165 |    47 ||   308
  Dodge: Dodged            |    20 |    81 |   137 |    70 ||   308
   Form: Flux              |       |       |       |     1 ||     1

Illustrated notes

Table legend:
 A = Kills in this place as a percentage of kills in the entire game.
 B = Kills by you in this place as a percentage of kills by you in the entire game.
 C = Kills by friends in this place as a percentage of kills by friends in the entire game.
 D = Other kills in this place as a percentage of other kills in the entire game.
 E = Experience gained in this place as a percentage of experience gained in the entire game.
 F = Experience gained in this place divided by the number of levels of this place that you have seen.
                   A       B       C       D       E      F
               +-------+-------+-------+-------+-------+----------------------
         Total | 100.0 | 100.0 |   N/A |   N/A | 100.0 | 665.3
       Dungeon |  93.3 |  93.3 |   N/A |   N/A |  97.0 | 774.2
         Sewer |   6.7 |   6.7 |   N/A |   N/A |   3.0 | 242.0
               +-------+-------+-------+-------+-------+----------------------

Table legend: (Time is in decaauts)
 A = Elapsed time spent in this place.
 B = Non-inter-level travel time spent in this place.
 C = Inter-level travel time spent in this place.
 D = Time resting spent in this place.
 E = Time spent auto-exploring this place.
 F = Levels seen in this place.
 G = Mean time per level.
                   A        B        C        D        E       F      G
               +--------+--------+--------+--------+--------+-----+--------+
         Total |   6601 |   6204 |    397 |    320 |   2752 |  12 |  550.1 |
       Dungeon |   6357 |   6014 |    343 |    304 |   2676 |  10 |  635.7 |
        Temple |     54 |      1 |     53 |      0 |      0 |   1 |   54.0 |
         Sewer |    189 |    189 |      0 |     16 |     76 |   1 |  189.0 |
               +--------+--------+--------+--------+--------+-----+--------+

Top non-repeatable levels by time:
     D:5: 1239 daAuts
     D:7: 1051 daAuts
     D:8: 802 daAuts
     D:3: 695 daAuts
     D:6: 654 daAuts
     D:1: 613 daAuts
     D:4: 544 daAuts
     D:2: 478 daAuts
     D:9: 275 daAuts
   Sewer: 189 daAuts
  Temple: 54 daAuts
    D:10: 1 daAuts
